 Dungeon Crawl Stone Soup version 0.32-a0-597-g8e3e136d6a (webtiles) character file.

Game seed: 9839495771252291398

1521 dolemite99 the Skirmisher (level 8, -1/58 HPs)
             Began as a Coglin Hexslinger on Mar 2, 2024.
             Was a Believer of Sif Muna.
             Slain by a two-headed ogre
             ... wielding a +0 giant club
              (20 damage)
             ... on level 6 of the Dungeon.
             The game lasted 00:09:37 (8770 turns).

dolemite99 the Skirmisher (Coglin Hexslinger)       Turns: 8770, Time: 00:09:38

Health: -1/58      AC:  4    Str: 11    XL:     8   Next: 84%
Magic:  9/9        EV: 12    Int: 14    God:    Sif Muna [**....]
Gold:   75         SH:  0    Dex: 18    Spells: 9/9 levels left

rFire   . . .        a - +1 sling {Karolin}
rCold   . . .        n - +3 sling {Santos}
rNeg    . . .        c - +0 robe
rPois   .            (no helmet)
rElec   .            (no cloak)
rCorr   .            o - +0 pair of gloves {Str+3}
SInv    .            g - +0 pair of boots
Will    .....        (amulet unavailable)
Stlth   ++           (ring unavailable)
HPRegen 0.29/turn    (ring unavailable)
MPRegen 0.11/turn    (no gizmo)

%: no passive effects
@: revved
A: off-hand wielding, slow wielding, warmup strikes, no jewellery
a: Invent Gizmo, Renounce Religion, Channel Magic


You were on level 6 of the Dungeon.
You worshipped Sif Muna.
Sif Muna was pleased with you.
You visited 1 branch of the dungeon, and saw 6 of its levels.

You collected 316 gold pieces.
You spent 241 gold pieces at shops.

Inventory:

Hand Weapons
 a - a +1 sling (weapon) {Karolin}
 n - a +3 sling (offhand) {Santos}
Missiles
 f - a throwing net
Armour
 c - a +0 robe (worn)
 g - a +0 pair of boots (worn)
 o - a +0 pair of gloves of strength (worn)
Magical Staves
 e - a staff of fire
Scrolls
 b - 2 scrolls of poison
 d - a scroll of silence
 h - 3 scrolls of teleportation
 p - 2 scrolls of fog
 s - a scroll of blinking
Potions
 i - a potion of berserk rage
 j - a potion of resistance
 k - 3 potions of might
 l - a potion of heal wounds {unknown}
 m - 2 potions of enlightenment
 q - a potion of degeneration {unknown}
 r - a potion of ambrosia {unknown}


   Skills:
 + Level 3.4 Fighting
 - Level 9.5 Ranged Weapons
 - Level 1.7 Dodging
 - Level 1.0 Spellcasting
 - Level 2.6 Hexes
 - Level 0.8 Fire Magic


You had 9 spell levels left.
You didn't know any spells.
Your spell library contained the following spells:

 Spells                   Type           Power      Damage    Failure   Level
 Jinxbite                 Hex            16%        N/A       13%         2
 Kiss of Death            Conj/Necr      0%         2d5       26%         1
 Magic Dart               Conj           0%         1d3       26%         1
 Confusing Touch          Hex            8%         N/A       26%         3
 Sigil of Binding         Hex            8%         N/A       26%         3
 Blink                    Tloc           0%         N/A       36%         2
 Call Imp                 Summ           0%         N/A       36%         2
 Cigotuvi's Dreadful Rot  Necr/Alch/Air  0%         N/A       36%         2
 Inner Flame              Hex/Fire       5%         N/A       36%         3
 Cause Fear               Hex            4%         N/A       65%         4
 Dimensional Bullseye     Hex/Tloc       2%         N/A       83%         4
 Animate Armour           Summ/Erth      0%         N/A       95%         4
 Dispel Undead            Necr           0%         3d6       95%         4
 Martyr's Knell           Necr/Summ      0%         N/A       95%         4
 Summon Lightning Spire   Summ/Air       0%         N/A       95%         4
 Lee's Rapid Deconstruct  Erth           0%         3d4*      100%        5
 Death Channel            Necr           0%         N/A       100%        6


Dungeon Overview and Level Annotations

Branches:
Dungeon (6/15)
 Temple: D:4-7

Altars:
Sif Muna
Trog
Wu Jian

Shops:
D:2 ?   D:5 [

Annotations:
D:5 exclusions: vampire and 1 more exclusion


Innate Abilities, Weirdness & Mutations

You can wield a second weapon in your off-hand.
It takes a long time for you to wield or remove held weapons.
Your first few attacks do less damage.
You cannot equip rings or amulets.


Message History

Fire: a) +1 sling {Karolin}
Press: ? - help, Q - select action, (/) - cycle Shift-Dir - straight line, f/p - two-headed ogre
Aim: a two-headed ogre, wielding two +0 giant clubs (moderately wounded, 78% to hit)
You shoot a sling bullet.
The sling bullet hits the two-headed ogre but does no damage.
The two-headed ogre is moderately wounded.
You shoot a sling bullet.
The sling bullet hits the two-headed ogre!
The two-headed ogre is heavily wounded.
Fire: a) +1 sling {Karolin}
Press: ? - help, Q - select action, (/) - cycle Shift-Dir - straight line, f/p - two-headed ogre
Aim: a two-headed ogre, wielding two +0 giant clubs (heavily wounded, 78% to hit)
You shoot a sling bullet.
The sling bullet hits the two-headed ogre but does no damage.
The two-headed ogre is heavily wounded.
You shoot a sling bullet.
The sling bullet completely misses the two-headed ogre.
You hear a shout!
The two-headed ogre hits you with a +0 giant club!!
The two-headed ogre closely misses you.
Fire: a) +1 sling {Karolin}
Press: ? - help, Q - select action, (/) - cycle Shift-Dir - straight line, f/p - two-headed ogre
Aim: a two-headed ogre, wielding two +0 giant clubs (heavily wounded, 78% to hit)
You shoot a sling bullet.
The sling bullet hits the two-headed ogre.
The two-headed ogre is severely wounded.
You shoot a sling bullet.
The sling bullet hits the two-headed ogre.
The two-headed ogre is severely wounded.
Fire: a) +1 sling {Karolin}
Press: ? - help, Q - select action, (/) - cycle Shift-Dir - straight line, f/p - two-headed ogre
Aim: a two-headed ogre, wielding two +0 giant clubs (severely wounded, 78% to hit)
You shoot a sling bullet.
The sling bullet hits the two-headed ogre!
The two-headed ogre is almost dead.
You shoot a sling bullet.
The sling bullet closely misses the two-headed ogre.
The sling bullet closely misses the orc.
The two-headed ogre hits you with a +0 giant club!! x2
You die...

## ### .. ..##
.# #... .#..#
#..# ###.#
#.<@## ###†O##
#.#)#
#......o..#
##.#.#.#.##
..........#
#.#.#.#.#.#..
ß..>........#..
#.## #.#.#
####.


You could see a two-headed ogre and an orc.

Vanquished Creatures
  A water moccasin (D:5)
  An orc warrior (D:6)
  A sky beast (D:6)
  An ogre (D:5)
  5 phantoms
  2 scorpions
  2 gnoll boudas
  2 bombardier beetles
  2 hounds
  2 orc priests (D:5)
  An iguana (D:4)
  2 orc wizards
  14 gnolls
  9 adders
  2 ufetubi (D:5)
  8 dart slugs
  2 ribbon worms
  8 orcs
  4 ball pythons
  8 endoplasms
  6 giant cockroaches
  8 goblins
  6 hobgoblins
  7 jackals
  7 kobolds
  A quokka (D:1)
  3 bats (D:1)
  A frilled lizard (D:3)
  10 rats
126 creatures vanquished.

Notes
Turn   | Place    | Note
-------+----------+-------------------------------------------
     0 | D:1      | dolemite99 the Coglin Hexslinger began the quest for the
                  | Orb.
     0 | D:1      | Reached XP level 1. HP: 15/15 MP: 2/2
    33 | D:1      | Reached skill level 2 in Ranged Weapons
   108 | D:1      | Reached XP level 2. HP: 21/21 MP: 3/3
   416 | D:1      | Reached skill level 3 in Ranged Weapons
   529 | D:1      | Reached XP level 3. HP: 26/26 MP: 4/4
   617 | D:1      | Found a faded altar of an unknown god.
   995 | D:2      | Found a shimmering blue altar of Sif Muna.
  1005 | D:2      | Found Byatuite's Magic Scroll Boutique.
  1025 | D:2      | Became a worshipper of Sif Muna the Loreminder
  1154 | D:2      | Bought a scroll of identify for 20 gold pieces
  1154 | D:2      | Bought a scroll of identify for 20 gold pieces
  1154 | D:2      | Bought a scroll of fog for 40 gold pieces
  1243 | D:2      | Reached XP level 4. HP: 32/32 MP: 5/5
  1402 | D:2      | Reached skill level 4 in Ranged Weapons
  1834 | D:3      | Found an ornate altar of the Wu Jian Council.
  2351 | D:3      | Noticed a scorpion
  2366 | D:3      | Killed a scorpion
  2367 | D:3      | Reached skill level 5 in Ranged Weapons
  2367 | D:3      | Reached XP level 5. HP: 11/37 MP: 6/6
  3104 | D:4      | Reached * piety under Sif Muna
  3134 | D:3      | Reached XP level 6. HP: 9/43 MP: 7/7
  3705 | D:4      | Reached skill level 6 in Ranged Weapons
  4926 | D:4      | Reached XP level 7. HP: 43/48 MP: 8/8
  5328 | D:4      | Reached skill level 7 in Ranged Weapons
  5549 | D:5      | Entered Level 5 of the Dungeon
  5549 | D:5      | Found Zeageiho's Armour Shoppe.
  5655 | D:5      | Bought a +0 pair of gloves of strength for 161 gold pieces
  6441 | D:5      | Noticed a moth of wrath
  6444 | D:5      | Found a bloodstained altar of Trog.
  6460 | D:5      | Reached ** piety under Sif Muna
  6617 | D:5      | Reached skill level 8 in Ranged Weapons
  6617 | D:5      | Reached XP level 8. HP: 54/54 MP: 9/9
  7156 | D:5      | Reached skill level 9 in Ranged Weapons
  7760 | D:5      | Noticed a vampire
  8132 | D:6      | Noticed a two-headed ogre
  8770 | D:6      | Slain by a two-headed ogre

Illustrated notes

Levels and vault maps discovered:
D:1:      lemuel_arrival_funnel, layout_loops_cross,
          dilly_ecumenical_altar_fadedgnrine
D:2:      layout_loops_ring, basic_altar, serial_shops,
          nicolae_shop_tiny_real_fake_doors
D:3:      layout_loops_corners, lemuel_round_altar, gup_sewer_entry_bowl,
          kennysheep_generic_room_9
D:4:      nicolae_cairo_tiling_very_big, layout_basic
D:5:      layout_loops_ring, tgw_trog, serial_shops,
          nicolae_shop_tiny_statue_garden, minmay_small_thing
D:6:      layout_layer_cave, minmay_temple_entry_statues, st_stairs_9,
          grunt_decor_arrowhead, nicolae_figureground_pulse

Skill      XL: |  1  2  3  4  5  6  7  8 |
---------------+-------------------------+-----
Ranged Weapons | 2 3 5 6 8 9 |  9.5
Fighting       | 3 |  3.4
Dodging        | |  1.7
Spellcasting   | |  1.0
Hexes          | |  2.6
Fire Magic     | |  0.8

Action                     |  1- 3 |  4- 6 |  7- 9 || total
---------------------------+-------+-------+-------++-------
   Fire: Sling             |   138 |   268 |   420 ||   826
    Use: Scroll            |     5 |     5 |     3 ||    13
         Potion            |       |     4 |     3 ||     7
 Armour: Robe              |    13 |    42 |    50 ||   105
         Skin              |       |    13 |     8 ||    21
  Dodge: Dodged            |    15 |    24 |    45 ||    84

Table legend: (Time is in decaauts)
 A = Elapsed time spent in this place.
 B = Non-inter-level travel time spent in this place.
 C = Inter-level travel time spent in this place.
 D = Time resting spent in this place.
 E = Time spent auto-exploring this place.
 F = Levels seen in this place.
 G = Mean time per level.
                   A        B        C        D        E       F      G
               +--------+--------+--------+--------+--------+-----+--------+
         Total |   8817 |   8609 |    208 |   4513 |   3155 |   6 | 1469.5 |
       Dungeon |   8817 |   8609 |    208 |   4513 |   3155 |   6 | 1469.5 |
               +--------+--------+--------+--------+--------+-----+--------+

Top non-repeatable levels by time:
     D:5: 2671 daAuts
     D:4: 1986 daAuts
     D:3: 1927 daAuts
     D:2: 955 daAuts
     D:1: 729 daAuts
     D:6: 546 daAuts
